 Dungeon Crawl Stone Soup version 0.30-a0-313-gae38170b09 (webtiles) character file.

Game seed: 13022699631341145160

819 NEMO173 the Ruffian (level 7, -29/71 HPs)
             Began as a Troll Berserker on Oct 25, 2022.
             Was an Elder of Trog.
             Annihilated by an ogre
             ... wielding a +0 giant club
              (35 damage)
             ... on level 5 of the Dungeon on Oct 26, 2022.
             The game lasted 00:17:33 (3775 turns).

NEMO173 the Ruffian (Troll Berserker)               Turns: 3775, Time: 00:17:34

Health: -29/71     AC:  4    Str: 28    XL:     7   Next: 63%
Magic:  6/6        EV: 10    Int:  3    God:    Trog [****..]
Gold:   242        SH:  0    Dex:  9    Spells: 6/6 levels left

rFire   . . .      SeeInvis .      - Unarmed
rCold   . . .      Faith    .    (no shield)
rNeg    . . .      Spirit   .    a - +0 animal skin
rPois   .          Reflect  .    (helmet restricted)
rElec   .          Harm     .    (no cloak)
rCorr   .          Rampage  .    (gloves unavailable)
Will    .....                    (boots unavailable)
Stlth   +.........               (no amulet)
HPRegen 1.11/turn                (no ring)
MPRegen 0.10/turn                (no ring)

@: no status effects
A: large, unfitting armour, claws 3, regeneration 1, shaggy fur 1, tough skin 1
a: Renounce Religion, Berserk, Trog's Hand, Brothers in Arms


You were on level 5 of the Dungeon.
You worshipped Trog.
Trog was greatly pleased with you.
You visited 1 branch of the dungeon, and saw 5 of its levels.
You also visited: Sewer.

You collected 242 gold pieces.

Inventory:

Armour
 a - a +0 animal skin (worn)
Scrolls
 b - a scroll of amnesia {unknown}
 c - 4 scrolls of identify {unknown}
 d - a scroll of immolation {unknown}
 j - a scroll of enchant armour {unknown}
 n - 3 scrolls of teleportation
 p - a scroll of fog {unknown}
 r - a scroll of torment {unknown}
 t - 3 scrolls of noise {unknown}
Potions
 e - 6 potions of flight
 f - a potion of brilliance
 g - a potion of mutation {unknown}
 h - a potion of haste {unknown}
 i - a potion of might {unknown}
 k - a potion of cancellation {unknown}
 l - a potion of lignification {unknown}
 m - 4 potions of heal wounds {unknown}
 o - 2 potions of degeneration {unknown}
 q - a potion of resistance {unknown}


   Skills:
 + Level 4.8 Fighting
 + Level 4.8 Dodging
 + Level 5.7 Unarmed Combat


You had 6 spell levels left.
You didn't know any spells.
Your spell library was empty.

Dungeon Overview and Level Annotations

Branches:
Dungeon (5/15)              Sewer (visited)
 Temple: D:4-7

Altars:


Innate Abilities, Weirdness & Mutations

You are too large for most types of armour.
You have claws for hands.
Your natural rate of healing is unusually fast.
You are covered in fur. (AC +1)
You have tough skin. (AC +1)


Message History

You claw the gnoll!
The gnoll is heavily wounded.
The gnoll hits you with a +0 spear.
You claw the gnoll!
You kill the gnoll!
Trog accepts your kill.
Things that are here:
a +0 spear; a gnoll corpse You see here a +0 club.
You now have 212 gold pieces (gained 19).
You see here a +0 whip.
You now have 223 gold pieces (gained 11).
Found a stone staircase leading down.
Found 9 gold pieces.
Found a ring mail.
Found an escape hatch in the floor and an escape hatch in the ceiling.
Found 10 gold pieces.
Found a stone staircase leading up.
You see here a +0 ring mail.
There is an escape hatch in the ceiling here.
You now have 233 gold pieces (gained 10).
You see here a +0 ring mail.
You now have 242 gold pieces (gained 9).
An ice beast comes into view.
An ogre comes into view. It is wielding a +0 giant club.
Found a stone staircase leading down.
You claw the ogre!
The ogre is moderately wounded.
The ogre hits you with a +0 giant club!!
The ice beast hits you. The ice beast freezes you!
You completely miss the ice beast. The ice beast hits you.
The ice beast freezes you! The ogre hits you with a +0 giant club!
* * * LOW HITPOINT WARNING * * *
The ice beast barely misses you.
You closely miss the ice beast. The ice beast hits you.
* * * LOW HITPOINT WARNING * * *
The ice beast freezes you!
* * * LOW HITPOINT WARNING * * *
The ogre hits you with a +0 giant club!!
You die...

#..< ##....#..........## #.
#...#.>..###.........###...
#........##.....###....#..#
##>....[.........#........#
#.....<......#............
..............###..#..#...##
##..###.#.....###..##.##....
.... ######...#..# #<# ....
.... #.@Y.....###......8
.... #.O................
..............#...##...
..............#...# ##.
..................##
.....#.>.....#...##
.....##......#... ....#
........ .. #.....##.


You could see an ice beast and an ogre.

Vanquished Creatures
  Sigmund (D:4)
  An orc warrior (D:4)
  2 phantoms (D:4)
  A jelly (D:4)
  2 iguanas (D:4)
  A merfolk siren (Sewer)
  3 orc wizards
  A merfolk avatar (Sewer)
  3 gnolls (D:5)
  4 adders
  4 river rats
  A white imp (D:5)
  A worm (D:3)
  3 dart slugs
  8 orcs
  4 endoplasms
  7 giant cockroaches
  9 goblins
  2 hobgoblins
  8 quokkas
  10 ball pythons
  11 bats
  6 frilled lizards
  3 kobolds
  24 rats
120 creatures vanquished.

Vanquished Creatures (others)
  A frilled lizard (D:2)
  6 plants (D:1)
7 creatures vanquished.

Grand Total: 127 creatures vanquished

Notes
Turn   | Place    | Note
-------+----------+-------------------------------------------
     0 | D:1      | NEMO173 the Troll Berserker began the quest for the Orb.
     0 | D:1      | Reached XP level 1. HP: 22/22 MP: 0/0
   348 | D:1      | Found a faded altar of an unknown god.
   379 | D:1      | Reached XP level 2. HP: 29/29 MP: 1/1
  1564 | D:2      | Reached ** piety under Trog
  1565 | D:2      | Reached XP level 3. HP: 30/36 MP: 2/2
  1859 | D:2      | Upgraded the game from 0.30-a0-311-gf115ab0292 to
                  | 0.30-a0-313-gae38170b09
  2088 | D:3      | Found a glowing drain.
  2096 | Sewer    | Entered a sewer
  2113 | Sewer    | Reached XP level 4. HP: 43/45 MP: 3/3
  2201 | Sewer    | Reached skill level 4 in Unarmed Combat
  2253 | Sewer    | Reached *** piety under Trog
  2277 | Sewer    | Reached XP level 5. HP: 53/53 MP: 4/4
  2916 | D:4      | Noticed a phantom
  2923 | D:4      | Killed a phantom
  2924 | D:4      | Reached XP level 6. HP: 62/62 MP: 5/5
  3060 | D:4      | Reached **** piety under Trog
  3144 | D:4      | Reached skill level 5 in Unarmed Combat
  3221 | D:4      | Noticed an orc warrior
  3238 | D:4      | Killed an orc warrior
  3239 | D:4      | Reached XP level 7. HP: 5/71 MP: 6/6
  3309 | D:4      | Noticed Sigmund
  3328 | D:4      | Killed Sigmund
  3654 | D:5      | Entered Level 5 of the Dungeon
  3775 | D:5      | Annihilated by an ogre

Illustrated notes

Levels and vault maps discovered:
D:1:      lightli_arrival_flooded_house, layout_basic,
          shapermc_ecumenical_altar_starsandcircs
D:2:      layout_basic
D:3:      layout_loops_ring, gup_sewer_entry_bowl, dk_noncrumbling_2,
          roderic_batcave
D:4:      layout_loops_ring, kennysheep_generic_room_7, uniq_sigmund
D:5:      layout_cave_pools, serial_column_ruins, column_ruins_square_large,
          column_ruins_grid_1, column_ruins_corridor_dead_end,
          column_ruins_open_small, column_ruins_corridor_straight,
          column_ruins_columns_corner

Skill      XL: |  1  2  3  4  5  6 |
---------------+-------------------+-----
Dodging        | 3 4 |  4.8
Fighting       | 3 4 |  4.8
Unarmed Combat | 4 5 |  5.7

Action                   |  1- 3 |  4- 6 |  7- 9 || total
-------------------------+-------+-------+-------++-------
Melee: Unarmed           |   140 |   163 |    43 ||   346
       Punch             |     2 |     4 |       ||     6
  Use: Potion            |       |     4 |     1 ||     5
 Stab: Sleeping          |     1 |     1 |       ||     2
       Invisible         |       |       |     1 ||     1
Armor: Animal skin       |    66 |    61 |     7 ||   134
Dodge: Dodged            |    94 |   104 |    28 ||   226

Table legend: (Time is in decaauts)
 A = Elapsed time spent in this place.
 B = Non-inter-level travel time spent in this place.
 C = Inter-level travel time spent in this place.
 D = Time resting spent in this place.
 E = Time spent auto-exploring this place.
 F = Levels seen in this place.
 G = Mean time per level.
                   A        B        C        D        E       F      G
               +--------+--------+--------+--------+--------+-----+--------+
         Total |   3821 |   3594 |    227 |      0 |    933 |   6 |  636.8 |
       Dungeon |   3484 |   3257 |    227 |      0 |    933 |   5 |  696.8 |
         Sewer |    336 |    336 |      0 |      0 |      0 |   1 |  336.0 |
               +--------+--------+--------+--------+--------+-----+--------+

Top non-repeatable levels by time:
     D:1: 1104 daAuts
     D:2: 826 daAuts
     D:4: 760 daAuts
     D:3: 675 daAuts
   Sewer: 336 daAuts
     D:5: 118 daAuts
